 Dungeon Crawl Stone Soup version 0.30-a0-799-g109b55a442 (webtiles) character file.

Game seed: 140358662569698848

830 pokeman the Thaumaturge (level 7, -2/38 HPs)
             Began as a Deep Elf Hedge Wizard on Feb 20, 2023.
             Slain by a white imp (5 damage)
             ... on level 5 of the Dungeon.
             The game lasted 00:13:16 (6057 turns).

pokeman the Thaumaturge (Deep Elf Hedge Wizard)     Turns: 6057, Time: 00:13:16

Health: -2/38      AC:  3    Str:  7    XL:     7   Next: 65%
Magic:  1/20       EV: 13    Int: 21    God:
Gold:   289        SH:  0    Dex: 14    Spells: 14/22 levels left

rFire   . . .      SeeInvis .    n - +0 dagger (venom)
rCold   . . .      Faith    .    (no shield)
rNeg    + . .      Spirit   .    b - +0 robe
rPois   .          Reflect  .    c - +0 hat
rElec   .          Harm     .    (no cloak)
rCorr   .          Rampage  .    (no gloves)
Will    +....                    j - +0 pair of boots
Stlth   +++                      (no amulet)
HPRegen 0.26/turn                t - ring of positive energy
MPRegen 0.17/turn                x - ring of willpower

@: no status effects
A: no striking features
a: no special abilities


You were on level 5 of the Dungeon.
You visited 1 branch of the dungeon, and saw 5 of its levels.
You also visited: Sewer.

You collected 289 gold pieces.

Inventory:

Hand Weapons
 a - a +0 sling
 n - a +0 dagger of venom (weapon)
Armour
 b - a +0 robe (worn)
 c - a +0 hat (worn)
 j - a +0 pair of boots (worn)
Magical Staves
 k - a staff of poison
Jewellery
 t - a ring of positive energy (left hand)
 x - a ring of willpower (right hand)
Wands
 s - a wand of flame (14)
 v - a wand of digging (3)
Scrolls
 e - 2 scrolls of blinking {unknown}
 h - 4 scrolls of vulnerability {unknown}
 p - a scroll of amnesia {unknown}
 q - a scroll of noise {unknown}
 r - a scroll of enchant weapon {unknown}
 w - a scroll of identify {unknown}
 y - a scroll of magic mapping {unknown}
 D - a scroll of enchant armour {unknown}
Potions
 d - 3 potions of magic
 f - a potion of lignification {unknown}
 g - 3 potions of might {unknown}
 i - 2 potions of haste {unknown}
 l - 3 potions of curing {unknown}
 m - 2 potions of brilliance {unknown}
 o - 4 potions of cancellation {unknown}
 u - a potion of flight {unknown}
 z - 2 potions of resistance {unknown}
 A - a potion of experience {unknown}
 B - a potion of heal wounds {unknown}
 C - 2 potions of mutation {unknown}


   Skills:
 + Level 1.5 Fighting
 - Level 1.0 Armour
 - Level 4.1 Dodging
 - Level 4.0 Stealth
 * Level 8.4 Spellcasting
 + Level 4.1 Conjurations
 + Level 1.9 Summonings
 - Level 1.1 Translocations
 - Level 1.1 Air Magic
 - Level 1.2 Poison Magic
 - Level 1.0 Evocations


You had 14 spell levels left.
You knew the following spells:

 Your Spells              Type           Power      Damage    Failure   Level
a - Magic Dart            Conj           100%       1d8       1%          1
b - Mephitic Cloud        Conj/Pois/Air  18%        N/A       10%         3
c - Call Imp              Summ           17%        N/A       5%          2
d - Blink                 Tloc           26%        N/A       8%          2

Your spell library contained the following spells:

 Spells                   Type           Power      Damage    Failure   Level
 Slow                     Hex            32%        N/A       8%          1
 Cigotuvi's Dreadful Rot  Necr/Pois/Air  24%        N/A       9%          2


Dungeon Overview and Level Annotations

Branches:
Dungeon (5/15)              Sewer (visited)
 Temple: D:4-7

Altars:
Dithmenos
Kikubaaqudgha
Makhleb
Zin

Annotations:
D:4 Scrolls behind grate


Message History

The white imp is moderately wounded.
You kill the orc!
The white imp hits you. The white imp freezes you.
Casting: Magic Dart (safe; 1% risk of failure)
Confirm with . or Enter, or press ? or * to list all spells.
You don't have enough magic to cast this spell.
Unknown command.
Casting: Magic Dart (safe; 1% risk of failure)
Confirm with . or Enter, or press ? or * to list all spells.
You don't have enough magic to cast this spell.
Unknown command.
Casting: Magic Dart (safe; 1% risk of failure)
Confirm with . or Enter, or press ? or * to list all spells.
You don't have enough magic to cast this spell.
Unknown command.
Casting: Magic Dart (safe; 1% risk of failure)
Confirm with . or Enter, or press ? or * to list all spells.
You don't have enough magic to cast this spell.
Unknown command.
You hit the white imp.
The white imp is heavily wounded.
The white imp barely misses you.
You hit the white imp.
The white imp is severely wounded.
The white imp gestures at you. The puff of frost hits you.
You hit the white imp.
The white imp is almost dead.
The white imp gestures at you. The puff of frost hits you!
* * * LOW HITPOINT WARNING * * *
You hit the white imp but do no damage.
The white imp is almost dead.
The white imp barely misses you.
You barely miss the white imp.
The white imp is almost dead.
The white imp hits you.
* * * LOW HITPOINT WARNING * * *
The white imp freezes you.
You die...

..# ... ...# .. ..... ...#
##.# ........ #..##..#
........# #..#.. # .....
#..## #.).# ... ..... #..#
#..###..... .....# #.##
##5).......# .# .
#..####)@##..#...# # #.#
##......### #.# # ###.#
##.......# #.5.
##..###.)).....# #.....
#........).....###..###...
.........)......#..# #..
##...
..####............#####
#..##.... ..#
##.......##..##..## #.......
..##
##.......#[.......##....#...


You could see a white imp.

Vanquished Creatures
  An ice beast (D:5)
  A centaur (D:5)
  A phantom (D:5)
  A kobold brigand (D:5)
  A scorpion (D:4)
  4 jellies
  An orc priest (D:5)
  2 iguanas (D:5)
  4 adders
  8 gnolls
  2 river rats (Sewer)
  2 ufetubi
  3 worms
  2 dart slugs
  3 orcs
  6 bats
  10 endoplasms
  6 giant cockroaches
  7 goblins
  9 hobgoblins
  4 jackals
  4 quokkas
  13 ball pythons
  5 frilled lizards
  10 kobolds
  6 rats
116 creatures vanquished.

Notes
Turn   | Place    | Note
-------+----------+-------------------------------------------
     0 | D:1      | pokeman the Deep Elf Hedge Wizard began the quest for the
                  | Orb.
     0 | D:1      | Reached XP level 1. HP: 10/10 MP: 7/7
   242 | D:1      | Reached XP level 2. HP: 16/16 MP: 5/9
   791 | D:1      | Reached skill level 5 in Spellcasting
  1298 | D:2      | Reached XP level 3. HP: 20/20 MP: 8/11
  1307 | D:2      | Learned a level 3 spell: Mephitic Cloud
  1310 | D:2      | Learned a level 2 spell: Call Imp
  1313 | D:2      | Learned a level 2 spell: Blink
  1556 | D:2      | Reached skill level 1 in Fighting
  1722 | D:2      | Reached skill level 1 in Armour
  2343 | D:3      | Found a shadowy altar of Dithmenos.
  2345 | D:3      | Found an ancient bone altar of Kikubaaqudgha.
  2694 | D:3      | Reached XP level 4. HP: 25/25 MP: 11/13
  3183 | D:4      | Found a burning altar of Makhleb.
  3436 | D:4      | Noticed a scorpion
  3447 | D:4      | Killed a scorpion
  3448 | D:4      | Reached skill level 6 in Spellcasting
  3448 | D:4      | Reached XP level 5. HP: 29/29 MP: 1/15
  3639 | D:4      | Found a glowing silver altar of Zin.
  4236 | D:5      | Entered Level 5 of the Dungeon
  4377 | D:5      | Noticed a centaur
  4385 | D:5      | Noticed a phantom
  4387 | D:5      | Found a glowing drain.
  4402 | Sewer    | Entered a sewer
  4936 | Sewer    | Reached XP level 6. HP: 19/34 MP: 8/17
  5066 | Sewer    | Found a viscous altar of Jiyva.
  5110 | Sewer    | Reached skill level 7 in Spellcasting
  5424 | D:5      | Reached skill level 1 in Evocations
  5457 | D:5      | Noticed an ice beast
  5562 | D:5      | Killed an ice beast
  5563 | D:5      | Reached XP level 7. HP: 10/38 MP: 3/20
  5701 | D:5      | Reached skill level 1 in Air Magic
  5701 | D:5      | Reached skill level 1 in Poison Magic
  5842 | D:5      | Reached skill level 8 in Spellcasting
  6057 | D:5      | Slain by a white imp

Illustrated notes

Levels and vault maps discovered:
D:1:      roderic_dead_forest, layout_basic, st_stairs_9
D:2:      layout_rooms, minmay_misc_feat_alley, grunt_decor_one_mirror
D:3:      layout_basic, mainiacjoe_overflow_catwalk_spiral, serial_curves,
          eino_curves_01, eino_curves_01, eino_curves_04, eino_curves_03
D:4:      layout_loops_ring, zin_scriptorium, nicolae_overflow_hidden_temple,
          serial_rivers, chequers_serial_rivers_small_b,
          chequers_serial_rivers_micro_c, chequers_serial_rivers_micro_b,
          chequers_serial_rivers_micro_b, chequers_serial_rivers_small_b,
          chequers_serial_rivers_micro_d, minmay_cupped
D:5:      layout_layer_cave, nicolae_overflow_crystal_walls,
          gup_sewer_entry_glass, st_stairs_5, nicolae_shop_vocational

Skill      XL: |  1  2  3  4  5  6  7 |
---------------+----------------------+-----
Spellcasting   | 5 6 7 8 |  8.4
Fighting       | 1 |  1.5
Armour         | 1 |  1.0
Conjurations   | 2 3 4 |  4.1
Dodging        | 3 4 |  4.1
Stealth        | 3 4 |  4.0
Evocations     | 1 |  1.0
Air Magic      | 1 |  1.1
Poison Magic   | 1 |  1.2
Summonings     | |  1.9
Translocations | |  1.1

Action                     |  1- 3 |  4- 6 |  7- 9 || total
---------------------------+-------+-------+-------++-------
  Melee: Dagger            |    15 |    37 |    39 ||    91
         Punch             |     1 |     1 |       ||     2
   Cast: Magic Dart        |   109 |   156 |    22 ||   287
         Mephitic Cloud    |     2 |     6 |     9 ||    17
         Call Imp          |     1 |     6 |       ||     7
         Blink             |       |     6 |       ||     6
  Evoke: Wand              |       |     2 |       ||     2
   Stab: Confused          |     3 |     4 |     7 ||    14
 Armour: Robe              |     5 |    18 |     3 ||    26
  Dodge: Dodged            |    19 |    52 |    30 ||   101

Table legend: (Time is in decaauts)
 A = Elapsed time spent in this place.
 B = Non-inter-level travel time spent in this place.
 C = Inter-level travel time spent in this place.
 D = Time resting spent in this place.
 E = Time spent auto-exploring this place.
 F = Levels seen in this place.
 G = Mean time per level.
                   A        B        C        D        E       F      G
               +--------+--------+--------+--------+--------+-----+--------+
         Total |   6082 |   5831 |    251 |      2 |   4898 |   6 | 1013.7 |
       Dungeon |   5269 |   5018 |    251 |      2 |   4228 |   5 | 1053.8 |
         Sewer |    813 |    813 |      0 |      0 |    670 |   1 |  813.0 |
               +--------+--------+--------+--------+--------+-----+--------+

Top non-repeatable levels by time:
     D:4: 1436 daAuts
     D:1: 1243 daAuts
     D:3: 904 daAuts
     D:5: 868 daAuts
     D:2: 816 daAuts
   Sewer: 813 daAuts
